Map: Winter Madness LE

Players

IlIlIlIlIlIl

  • Race: Zerg Zerg
  • League: Master
  • Spawn Location: 5:00

PylonPower - Winner!

  • Race: Protoss Protoss
  • League: Grandmaster
  • Spawn Location: 11:00

VOD

Have the link to the VOD?

Description

Time

  • Played on: Nov. 22, 2025, 11:08 a.m.
  • Length: 49:42
Show
View Real Time Build Order
Export as new Build Order

IlIlIlIlIlIl Zerg 

Build Orders: Hatch First, Lurkers 

Get SALT Encoding   

  12  0:00  Drone  
  13  0:12  Overlord  
  13  0:17  Drone  
  14  0:30  Drone x2  
  16  0:47  Drone  
  16  0:49  Drone  
  18  0:55  Hatchery  
  17  1:00  Drone  
  17  1:03  Extractor  
  17  1:14  Spawning Pool  
  17  1:15  Drone  
  17  1:16  Drone  
  18  1:29  Drone  
  19  1:38  Hatchery  
  18  1:40  Drone  
  19  1:48  Drone  
  20  2:02  Queen  
  20  2:06  Queen  
  24  2:12  Overlord  
  24  2:19  Drone  
  24  2:20  Drone  
  26  2:25  Zergling x4  
  28  2:31  Metabolic Boost  
  28  2:33  Zergling x2  
  29  2:41  Queen  
  31  2:52  Drone x2  
  31  2:54  Overlord  
  33  3:02  Drone  
  34  3:06  Drone x2  
  34  3:07  Queen  
  34  3:11  Drone  
  39  3:13  Drone  
  39  3:18  Drone  
  39  3:19  Drone x2  
  42  3:32  Drone x4  
  42  3:40  Spore Crawler  
  41  3:42  Drone  
  41  3:43  Drone  
  43  3:48  Drone  
  43  3:49  Drone  
  43  3:53  Drone x3  
  48  3:57  Drone  
  48  4:00  Spore Crawler  
  48  4:03  Overlord, Drone  
  48  4:08  Overlord  
  49  4:12  Lair  
  49  4:20  Overlord x2  
  49  4:22  Drone, Spore Crawler  
  49  4:23  Drone  
  50  4:25  Drone  
  51  4:31  Overlord  
  51  4:32  Drone  
  51  4:34  Drone  
  51  4:35  Drone x3  
  53  4:46  Drone x4  
  53  4:49  Baneling Nest, Evolution Chamber  
  53  4:51  Drone x4  
  59  4:58  Drone x2  
  61  5:01  Drone x4  
  64  5:07  Drone x2  
  64  5:09  Extractor  
  64  5:10  Extractor x2  
  64  5:11  Zergling x4  
  64  5:13  Hydralisk Den  
  64  5:19  Drone x3  
  67  5:21  Drone  
  67  5:22  Drone x2  
  67  5:26  Queen  
  72  5:34  Drone  
  73  5:37  Overseer  
  73  5:41  Queen  
  73  5:42  Overlord, Queen, Extractor x2  
  74  5:44  Drone  
  74  5:45  Drone  
  74  5:46  Grooved Spines  
  74  6:00  Drone x3  
  74  6:01  Drone x4  
  74  6:02  Hydralisk, Drone x3  
  86  6:05  Hatchery  
  86  6:08  Hydralisk x2  
  89  6:12  Drone x3  
  89  6:17  Infestation Pit  
  91  6:25  Hydralisk x3  
  91  6:30  Overlord  
  91  6:32  Zerg Missile Weapons Level 1  
  97  6:39  Overlord x3  
  97  6:41  Overlord  
  97  6:48  Queen  
  97  6:53  Extractor  
  95  6:55  Hydralisk x5  
  95  6:56  Zergling x2  
  95  7:01  Overlord  
  106  7:03  Hydralisk, Muscular Augments  
  108  7:11  Hydralisk  
  108  7:12  Hydralisk, Zergling x6  
  108  7:13  Zergling x10  
  120  7:17  Overlord  
  120  7:19  Hive  
  120  7:23  Drone  
  120  7:25  Hydralisk  
  120  7:28  Drone  
  120  7:29  Drone x2  
  126  7:40  Overlord, Drone  
  126  7:41  Lurker Den  
  126  7:44  Hydralisk  
  126  7:45  Hydralisk x5  
  126  7:49  Drone x4  
  142  7:52  Drone  
  142  7:53  Drone  
  142  7:57  Hatchery  
  143  8:01  Extractor  
  143  8:02  Hydralisk x2  
  143  8:03  Overseer  
  146  8:12  Overlord  
  146  8:21  Drone x3  
  146  8:25  Spore Crawler  
  149  8:27  Hydralisk x2, Zergling x10  
  149  8:28  Overlord  
  149  8:29  Overlord, Zerg Missile Weapons Level 2  
  149  8:32  Evolution Chamber  
  156  8:37  Spine Crawler  
  156  8:39  Seismic Spines, Spine Crawler, Drone  
  153  8:47  Lurker  
  153  8:48  Lurker  
  155  8:49  Spine Crawler  
  155  8:52  Spine Crawler  
  153  8:58  Viper x2  
  148  9:17  Lurker x4  
  139  9:21  Hydralisk x7  
  139  9:22  Zergling x18  
  164  9:39  Hatchery  
  164  9:43  Lurker x3  
  159  9:59  Lurker x3  
  157  10:01  Drone x6  
  157  10:06  Adaptive Talons  
  163  10:15  Zerg Ground Armor Level 1  
  163  10:19  Overlord x2, Lurker  
  164  10:26  Hatchery  
  164  10:59  Hatchery  
  164  11:01  Zerg Missile Weapons Level 3  
  164  11:02  Adrenal Glands  
  164  11:03  Zergling x14  
  164  11:04  Zergling x4  
  172  11:05  Drone x6  
  178  11:13  Infestor x3  
  178  11:14  Infestor  
  178  11:17  Lurker  
  185  11:46  Viper x2  
  191  12:04  Zergling x2  
  192  12:10  Baneling x9  
  192  12:15  Overlord x2  
  192  12:16  Overseer x2  
  176  12:58  Zergling x4  
  176  12:59  Zergling x6  
  176  13:02  Lurker x5  
  176  13:05  Hydralisk x6  
  186  13:09  Overseer x2  
  197  13:28  Lurker x2  
  197  13:30  Zerg Melee Weapons Level 1  
  199  13:38  Zerg Ground Armor Level 2  
  195  13:45  Hydralisk x2  
  195  13:47  Hatchery  
  183  14:06  Lurker x5  
  188  14:12  Zergling x16  
  175  14:39  Hydralisk x12  
  175  14:40  Hydralisk x2  
  183  15:06  Microbial Shroud  
  174  15:11  Hydralisk x10  
  187  15:22  Drone  
  188  15:29  Spine Crawler  
  188  15:30  Spine Crawler  
  188  15:31  Spine Crawler  
  188  15:32  Spine Crawler x2  
  188  15:33  Hatchery  
  188  15:34  Spine Crawler  
  188  15:35  Zerg Melee Weapons Level 2  
  181  15:37  Overseer  
  181  15:42  Hatchery  
  180  15:50  Infestor  
  180  15:51  Infestor x3  
  186  16:11  Spore Crawler  
  186  16:12  Spore Crawler  
  186  16:14  Spore Crawler  
  172  16:42  Hydralisk x10  
  172  16:44  Zergling x2  
  172  16:45  Zergling x4  
  189  16:59  Lurker x5  
  189  17:00  Lurker  
  189  17:08  Drone x8  
  193  17:12  Hydralisk  
  199  17:23  Zergling x2  
  199  17:27  Hatchery  
  199  17:36  Extractor  
  189  17:39  Extractor  
  156  17:51  Hydralisk x7  
  156  17:52  Hydralisk x10  
  172  18:09  Hydralisk x5  
  179  18:13  Extractor x2  
  179  18:14  Zerg Ground Armor Level 3, Zerg Melee Weapons Level 3  
  177  18:24  Lurker x2  
  179  18:27  Queen, Spore Crawler x2  
  179  18:30  Drone  
  179  18:31  Spore Crawler  
  179  18:33  Spine Crawler  
  179  18:34  Spine Crawler, Spore Crawler  
  177  18:38  Burrow  
  177  18:39  Drone x3  
  179  18:48  Drone  
  179  18:49  Drone x2  
  179  18:50  Drone x3  
  179  18:51  Lurker  
  179  18:52  Lurker  
  179  18:55  Overlord x2  
  187  18:56  Overseer x3  
  187  19:01  Unknown  
  187  19:03  Pneumatized Carapace  
  187  19:07  Hatchery  
  182  19:22  Hydralisk x12, Extractor  
  189  19:24  Extractor  
  189  19:30  Zergling x2  
  185  19:40  Hatchery  
  177  19:55  Viper x2  
  175  20:01  Hatchery  
  174  20:10  Drone  
  174  20:23  Infestor x2  
  174  20:25  Drone x3  
  178  20:29  Spore Crawler  
  178  20:30  Spine Crawler x2, Spore Crawler  
  178  20:31  Spine Crawler  
  178  20:35  Overseer, Queen  
  175  20:41  Overseer  
  175  20:52  Queen  
  177  21:03  Spore Crawler  
  177  21:04  Spine Crawler x2  
  175  21:05  Spore Crawler  
  175  21:07  Zergling x10  
  175  21:08  Zergling x6  
  161  21:43  Hydralisk x8  
  161  21:44  Overlord x2  
  161  21:45  Overlord  
  173  21:52  Lurker x5  
  178  21:57  Centrifugal Hooks  
  178  21:59  Drone  
  178  22:00  Overlord x2  
  179  22:07  Extractor  
  178  22:09  Spore Crawler  
  178  22:10  Spore Crawler x2  
  178  22:11  Spine Crawler  
  174  22:29  Overseer  
  174  22:31  Lurker  
  174  22:32  Lurker  
  174  22:33  Drone x5  
  181  22:43  Hatchery  
  180  22:46  Hydralisk x2  
  180  22:47  Hydralisk x2  
  188  22:55  Lurker x2  
  178  23:13  Overseer  
  178  23:14  Hydralisk x6  
  184  23:33  Hydralisk  
  184  23:34  Hydralisk x10  
  188  24:03  Drone x3  
  188  24:04  Drone x6  
  197  24:14  Drone  
  198  24:26  Overlord  
  198  24:27  Overseer  
  198  24:29  Overseer  
  198  24:41  Hatchery  
  198  24:43  Drone x3  
  200  24:49  Hatchery  
  195  25:39  Lurker x2  
  197  25:44  Zergling x6  
  200  25:54  Lair  
  200  25:58  Infestation Pit  
  193  26:37  Spawning Pool  
  189  26:40  Drone x3  
  189  26:41  Spawning Pool  
  188  26:53  Hive  
  188  26:56  Overlord x2  
  168  27:37  Queen, Hydralisk Den  
  168  27:39  Drone x3  
  164  28:09  Hydralisk  
  164  28:10  Hydralisk x5  
  164  28:11  Queen x2  
  164  28:12  Lurker Den  
  179  28:13  Hatchery  
  179  28:19  Hydralisk x10  
  196  28:36  Zergling x8  
  198  28:47  Overlord  
  198  28:54  Infestor  
  200  29:08  Overseer  
  200  29:09  Overseer  
  200  29:20  Hatchery  
  199  29:28  Overseer  
  187  29:57  Overlord x2  
  187  29:58  Overseer  
  179  30:05  Lurker x8  
  179  30:06  Hydralisk x7  
  184  30:39  Hydralisk x7  
  184  30:41  Lurker x2  
  195  30:57  Lurker x3  
  195  30:58  Infestor  
  192  31:24  Extractor  
  191  31:26  Extractor  
  147  32:13  Lurker x2  
  147  32:15  Viper x2  
  152  32:16  Infestor x2, Hatchery  
  158  32:23  Zergling x12  
  158  32:24  Overseer, Zergling x4  
  158  32:25  Overseer  
  158  32:28  Hydralisk x6  
  158  32:29  Hydralisk x2  
  174  32:48  Hydralisk x2  
  174  32:49  Hydralisk x3  
  183  32:58  Drone x4  
  183  33:03  Extractor  
  185  33:07  Extractor  
  154  33:27  Hydralisk  
  154  33:28  Hydralisk x9  
  174  33:39  Drone x3  
  177  33:58  Hatchery  
  177  33:59  Drone  
  177  34:04  Infestor x4  
  175  34:43  Overseer  
  169  34:59  Hatchery  
  168  35:05  Drone x6  
  174  35:17  Drone x3  
  177  35:36  Spore Crawler  
  177  35:37  Spore Crawler  
  177  35:39  Spore Crawler x2  
  177  35:40  Spore Crawler  
  168  36:01  Hydralisk x9  
  183  36:30  Overlord x8  
  183  36:51  Hydralisk x7  
  184  37:09  Hydralisk  
  184  37:11  Drone x2  
  184  37:14  Unknown  
  185  37:20  Lurker x3  
  185  37:22  Drone  
  187  37:23  Drone x3  
  187  37:29  Hydralisk x4, Lurker  
  197  37:57  Overlord x2  
  197  38:16  Spine Crawler  
  197  38:17  Spine Crawler x2  
  197  38:19  Spore Crawler x2  
  192  38:20  Spore Crawler  
  192  38:25  Viper  
  192  38:27  Overseer x2  
  194  38:29  Drone x6  
  200  38:39  Neural Parasite  
  197  39:10  Overseer  
  167  39:42  Hydralisk x7  
  167  39:43  Queen  
  177  39:46  Queen  
  171  39:57  Zergling x12  
  173  40:12  Infestor x6  
  173  40:13  Hydralisk x3  
  173  40:19  Queen  
  173  40:21  Queen  
  161  40:45  Viper x3  
  167  40:55  Queen  
  169  40:57  Queen  
  168  41:12  Lurker x4  
  168  41:13  Hydralisk  
  168  41:14  Zergling x10  
  177  41:33  Overlord x2  
  177  41:39  Queen  
  177  41:51  Queen  
  179  41:55  Drone x3  
  179  41:56  Drone x3  
  179  41:57  Baneling Nest  
  182  42:27  Infestor x6  
  182  42:28  Zergling x18  
  180  42:46  Zergling x8  
  180  42:49  Baneling  
  180  42:50  Baneling x28  
  184  42:51  Zergling x4  
  184  42:53  Zergling x12  
  192  43:16  Zergling x2  
  192  43:17  Infestor x6  
  186  43:24  Overlord  
  186  43:25  Overlord x2  
  184  43:27  Hydralisk x6  
  182  43:41  Infestor x2  
  183  44:05  Hydralisk x9  
  183  44:06  Hatchery, Zergling x2  
  196  44:23  Queen x7  
  183  44:33  Hydralisk x8  
  183  44:35  Hydralisk x35  
  198  44:45  Baneling x16  
  195  44:46  Infestor x2  
  199  44:53  Overseer  
  180  45:22  Drone  
  180  45:23  Drone x2  
  180  45:25  Zergling x28  
  195  45:31  Infestor x6  
  187  45:37  Hatchery  
  176  45:53  Hydralisk  
  176  45:54  Hydralisk x7  
  176  45:55  Queen x3  
  182  46:05  Hydralisk  
  182  46:06  Hydralisk x3  
  190  46:13  Hydralisk  
  184  46:25  Hydralisk x3  
  176  46:30  Queen  
  176  46:31  Queen x2  
  164  46:46  Drone x4  
  156  46:56  Viper  
  156  46:58  Drone  
  156  46:59  Extractor  
  156  47:01  Zergling x12  
  161  47:02  Queen  
  161  47:06  Queen x3  
  169  47:08  Extractor  
  166  47:17  Hydralisk x2  
  170  47:25  Zergling x2  
  170  47:26  Zergling x14  
  173  47:35  Infestor  
  175  47:38  Queen  
  175  47:42  Queen x3  
  177  47:51  Infestor x5  
  159  48:02  Infestor x5  
  145  48:07  Hydralisk x4  
  153  48:13  Zergling x16  
  153  48:14  Queen  
  153  48:17  Queen  
  153  48:18  Queen x2  
  160  48:45  Hydralisk x5  
  160  48:47  Zergling x24  
  182  48:49  Infestor, Queen  
  182  48:53  Queen x3  
  186  48:59  Hydralisk x4  
  159  49:17  Hydralisk x4  
Show
View Real Time Build Order
Export as new Build Order

PylonPower Protoss - Winner!

Build Orders: 1 Gate Expand, Oracle Opening, Carriers 

Get SALT Encoding   

  12  0:00  Probe  
  13  0:12  Probe  
  14  0:24  Probe  
  14  0:28  Pylon  
  15  0:42  Probe  
  15  0:46  Gateway  
  15  0:49  Assimilator  
  16  0:50  Probe  
  17  1:01  Probe  
  18  1:13  Probe  
  19  1:25  Probe  
  20  1:32  Nexus  
  20  1:39  Cybernetics Core  
  20  1:40  Probe  
  20  1:45  Assimilator  
  21  1:55  Probe  
  21  1:57  Pylon  
  22  2:06  Adept  
  22  2:07  Probe  
  23  2:19  Probe  
  26  2:23  Stargate  
  26  2:26  Adept  
  26  2:31  Probe, Warp Gate  
  29  2:41  Probe  
  29  2:43  Probe  
  31  2:55  Probe, Adept  
  31  2:58  Probe, Oracle  
  35  3:07  Probe  
  35  3:10  Probe  
  40  3:16  Pylon  
  41  3:20  Probe  
  41  3:30  Oracle  
  41  3:32  Probe x2  
  41  3:36  Gateway  
  42  3:44  Probe x2  
  44  3:53  Nexus  
  44  3:56  Probe  
  44  3:57  Pylon  
  44  3:58  Probe  
  46  4:08  Probe  
  46  4:09  Twilight Council  
  47  4:10  Probe  
  47  4:13  Forge  
  48  4:19  Blink  
  48  4:20  Probe, Adept  
  48  4:22  Probe  
  52  4:25  Assimilator  
  52  4:28  Assimilator  
  52  4:32  Adept  
  52  4:33  Probe  
  55  4:42  Probe  
  56  4:47  Probe  
  56  4:52  Gateway  
  57  4:53  Gateway, Pylon  
  57  4:54  Probe  
  57  4:55  Protoss Ground Weapons Level 1  
  58  5:03  Probe  
  58  5:05  Probe x2  
  61  5:09  Stalker  
  61  5:12  Probe  
  63  5:15  Shield Battery, Stalker  
  63  5:16  Probe  
  63  5:17  Probe  
  68  5:22  Robotics Facility  
  68  5:23  Probe  
  68  5:28  Probe  
  69  5:31  Probe  
  71  5:38  Probe x2  
  71  5:39  Stalker x2  
  77  5:42  Pylon  
  77  5:43  Probe  
  78  5:54  Probe x2  
  78  5:55  Probe, Stalker x2  
  81  6:03  Assimilator  
  81  6:05  Pylon  
  81  6:06  Probe x2  
  81  6:07  Assimilator, Probe  
  81  6:10  Observer  
  85  6:11  Stalker  
  85  6:12  Stalker  
  89  6:18  Probe x2  
  89  6:20  Probe  
  89  6:21  Robotics Bay  
  92  6:30  Probe, Robotics Facility  
  92  6:31  Probe, Stalker x2  
  92  6:32  Probe  
  99  6:37  Pylon  
  99  6:39  Pylon x2  
  99  6:41  Protoss Ground Weapons Level 2  
  99  6:43  Probe x2  
  101  6:55  Colossus  
  101  6:58  Probe  
  102  7:01  Colossus  
  102  7:02  Gateway  
  102  7:04  Gateway  
  102  7:05  Pylon  
  102  7:06  Pylon  
  102  7:08  Extended Thermal Lance  
  108  7:16  Stalker x4  
  122  7:33  Nexus  
  122  7:36  Colossus  
  122  7:37  Pylon  
  122  7:39  Pylon  
  122  7:45  Probe x2  
  122  7:47  Charge  
  130  7:53  Colossus  
  130  7:55  Probe, Gateway  
  130  7:57  Probe, Gateway  
  138  8:02  Photon Cannon  
  138  8:03  Shield Battery  
  138  8:10  Stalker x3  
  138  8:11  Probe x2  
  146  8:14  Pylon  
  146  8:19  Stalker x2  
  150  8:26  Probe  
  151  8:30  Stalker  
  151  8:31  Assimilator  
  151  8:33  Assimilator  
  153  8:34  Probe  
  153  8:35  Photon Cannon  
  153  8:36  Pylon  
  154  8:49  Immortal x2  
  154  8:50  Stalker x3  
  168  9:05  Zealot x3  
  168  9:06  Zealot x2  
  176  9:20  Protoss Ground Weapons Level 3  
  176  9:21  Probe x2  
  176  9:22  Probe  
  178  9:29  Immortal x2  
  186  9:35  Templar Archives  
  179  10:02  Psionic Storm  
  179  10:07  Zealot x4  
  179  10:12  Pylon  
  179  10:13  Pylon  
  187  10:19  Gateway  
  187  10:20  Gateway  
  187  10:24  Gateway  
  187  10:26  Gateway  
  187  10:28  Observer  
  187  10:30  Pylon  
  187  10:31  Immortal  
  192  10:44  High Templar x4  
  194  10:59  Fleet Beacon  
  194  11:06  Immortal  
  174  12:01  Immortal  
  180  12:08  Stargate  
  180  12:13  Mothership, Immortal  
  184  12:30  Zealot x2  
  184  12:31  Zealot x6  
  186  12:49  Carrier x2  
  172  12:52  Immortal  
  172  12:53  Immortal, Zealot x3  
  172  12:54  Probe  
  183  13:08  Protoss Air Weapons Level 1  
  179  13:15  Protoss Shields Level 1  
  173  13:22  High Templar x3  
  173  13:23  High Templar x2  
  183  13:31  Immortal, Nexus  
  183  13:32  Immortal  
  190  13:44  Zealot x4  
  190  13:45  Zealot  
  200  13:53  Pylon  
  200  13:56  Pylon  
  195  14:26  Archon x2  
  195  14:29  Carrier  
  185  14:33  Photon Cannon  
  185  14:35  Photon Cannon  
  185  14:36  Carrier, Photon Cannon  
  185  14:38  Photon Cannon x2  
  172  14:41  Photon Cannon  
  158  15:14  Protoss Shields Level 2  
  152  15:18  Nexus  
  152  15:24  Carrier  
  152  15:25  High Templar x5  
  152  15:26  Photon Cannon  
  162  15:28  Assimilator  
  162  15:29  Archon  
  162  15:31  Immortal  
  162  15:32  Assimilator  
  162  15:34  Carrier  
  172  15:40  Dark Shrine  
  172  15:42  Protoss Air Weapons Level 2  
  178  15:43  Pylon  
  178  15:45  Pylon  
  178  15:50  Observer  
  177  16:08  Observer  
  160  16:28  Carrier  
  160  16:32  Stargate  
  153  16:35  Stargate  
  153  16:38  Oracle  
  148  17:15  Carrier  
  154  17:20  Nexus  
  153  17:28  Zealot  
  155  17:32  Carrier  
  161  17:40  Carrier  
  161  17:42  Pylon  
  167  17:44  Zealot x4  
  167  17:45  Zealot x5, Pylon  
  180  17:56  Carrier  
  186  18:11  High Templar x3  
  186  18:12  Archon x2, Protoss Air Weapons Level 3  
  192  18:20  Protoss Shields Level 3  
  192  18:24  Cybernetics Core  
  192  18:29  Photon Cannon  
  192  18:30  Photon Cannon  
  192  18:32  Photon Cannon  
  192  18:33  Photon Cannon  
  192  18:34  Shield Battery  
  192  18:36  Shield Battery  
  192  18:38  Assimilator  
  192  18:39  Assimilator  
  192  18:53  Observer  
  192  18:54  Observer  
  183  19:37  Carrier x2  
  195  19:43  Protoss Air Armor Level 1  
  195  19:47  High Templar x2  
  172  20:02  Zealot x5  
  177  20:21  Dark Templar x4  
  175  20:27  Nexus  
  175  20:28  Pylon  
  175  20:30  Dark Templar, Pylon  
  175  20:32  Pylon  
  177  20:37  Assimilator x2  
  177  20:38  Carrier x2  
  189  20:54  Archon x2  
  189  20:57  Photon Cannon  
  189  20:58  Photon Cannon  
  189  21:00  Photon Cannon  
  189  21:02  Photon Cannon  
  189  21:04  Photon Cannon  
  189  21:06  Photon Cannon  
  189  21:08  Photon Cannon  
  189  21:09  Shield Battery, Dark Templar  
  189  21:10  Shield Battery  
  189  21:14  Oracle  
  159  21:42  High Templar x2  
  159  21:43  High Templar  
  165  22:04  Probe x2  
  165  22:05  Probe x2  
  169  22:14  Dark Templar x2  
  173  22:16  Probe  
  174  22:24  Protoss Air Armor Level 2  
  174  22:34  High Templar  
  174  22:36  Probe x4  
  180  22:48  Probe x2  
  180  22:49  Observer  
  179  23:09  Zealot x7  
  179  23:10  Zealot  
  192  23:13  Observer  
  188  23:35  Dark Templar x3  
  174  24:00  Observer x2  
  166  24:19  Warp Prism  
  166  24:22  Protoss Ground Armor Level 1  
  168  24:27  Pylon  
  168  24:36  High Templar x3  
  168  24:37  High Templar x3  
  180  24:39  Nexus  
  180  24:51  Photon Cannon  
  180  24:52  Photon Cannon  
  180  24:54  Photon Cannon  
  180  24:55  Shield Battery  
  180  24:56  Shield Battery  
  178  25:00  Pylon  
  178  25:03  High Templar  
  180  25:08  Photon Cannon  
  180  25:16  Assimilator  
  180  25:21  Assimilator  
  180  25:25  Photon Cannon  
  180  25:27  Photon Cannon  
  180  25:29  Photon Cannon  
  174  25:39  Zealot x7  
  174  25:40  Zealot x2  
  182  26:05  Probe x2  
  176  26:15  Zealot x2  
  176  26:16  Zealot x10  
  194  26:36  Observer x2  
  195  26:55  Dark Templar  
  195  26:58  Zealot  
  191  27:09  Zealot  
  191  27:10  Zealot x8  
  181  27:22  Tempest x3  
  173  27:23  Tempest  
  186  27:30  Probe x3  
  184  28:12  Zealot x4  
  200  28:17  Zealot  
  200  28:18  Zealot x5  
  188  28:35  Tempest x2  
  188  28:44  Zealot x6  
  188  28:59  Warp Prism  
  188  29:04  Tempest x2  
  196  29:18  Tempest  
  192  30:06  Zealot x4  
  184  30:47  High Templar x3  
  187  31:01  Oracle  
  190  31:40  Unknown  
  186  31:51  Zealot x6  
  179  32:09  High Templar x3  
  185  32:32  Oracle  
  185  32:33  Oracle  
  173  32:55  Zealot x11  
  173  32:56  Zealot  
  175  33:33  Zealot x3  
  175  33:34  Zealot x9  
  167  34:12  Dark Templar x2  
  167  34:16  Oracle  
  174  34:17  Nexus  
  165  34:52  High Templar x4  
  171  34:53  High Templar x2  
  173  35:01  Tempest x2  
  173  35:33  Protoss Air Armor Level 3  
  170  36:29  Nexus  
  170  36:34  Mothership  
  158  37:17  Carrier x4  
  182  37:27  Pylon  
  182  37:30  Pylon  
  182  37:51  Unknown  
  182  37:53  Photon Cannon  
  182  37:55  Photon Cannon  
  182  37:57  Photon Cannon  
  182  37:59  Photon Cannon  
  182  38:00  Shield Battery  
  182  38:01  Shield Battery  
  182  38:03  Photon Cannon  
  182  38:09  Protoss Ground Armor Level 2  
  182  38:18  Assimilator  
  182  38:19  Assimilator  
  182  38:21  Oracle  
  182  38:24  Carrier x2  
  184  40:12  Carrier  
  184  40:13  Carrier  
  196  40:40  Tempest  
  186  40:44  Tempest  
  186  41:06  Tempest  
  172  41:15  Protoss Ground Armor Level 3  
  172  41:17  Tempest x2  
  180  41:19  Observer x2  
  184  41:57  Tempest x2  
  184  41:59  Tempest  
  196  42:02  Tempest  
  194  42:48  High Templar  
  194  42:49  High Templar x2  
  200  43:28  Observer  
  195  43:44  Oracle  
  198  44:28  Archon x3  
  193  44:35  High Templar x3  
  190  45:50  High Templar  
  190  45:51  High Templar x4  
  200  48:02  Tempest  
  194  48:10  Tempest  
  198  48:13  Dark Templar  
  192  49:39  Archon x2  
Tags
 
Add a new tag
Caveats
  • Supply blocks, unpowered buildings, or Contaminate may cause inaccurate times.
  • Supply counts are checked every 10 seconds.